 Dungeon Crawl Stone Soup version 0.20.1-1-g8b1a95d (webtiles) character file.

2396 tentaclius the Cleaver (level 9, -1/79 HPs)
             Began as a Hill Orc Berserker on Oct 12, 2017.
             Was an Elder of Trog.
             Slain by a troll (6 damage)
             ... on level 6 of the Dungeon.
             The game lasted 00:34:57 (5829 turns).

tentaclius the Cleaver (Hill Orc Berserker)         Turns: 5829, Time: 00:34:58

Health: -1/79      AC: 14    Str: 22    XL:     9   Next: 46%
Magic:  0/9        EV:  9    Int: 10    God:    Trog [****..]
Gold:   263        SH:  0    Dex: 11    Spells: 8/8 levels left

rFire    . . .     SeeInvis .   a - +1 hand axe
rCold    + . .     Gourm    .   (no shield)
rNeg     . . .     Faith    .   f - +2 chain mail {rF+}
rPois    .         Spirit   +   k - +1 hat {Int+3}
rElec    .         Reflect  .   t - scarf {Spirit}
rCorr    .         Harm     .   o - +0 pair of gloves
MR       ++...                  (no boots)
Stlth    ..........             (no amulet)
Regen    1.3/turn               L - ring of ice
MPRegen  0.2/turn               (no ring)

@: berserk cooldown, regenerating, slowed, very slow
A: no striking features
a: Berserk, Trog's Hand, Brothers in Arms, Burn Spellbooks, Renounce Religion


You were on level 6 of the Dungeon.
You worshipped Trog.
Trog was greatly pleased with you.
You were near starving.

You visited 2 branches of the dungeon, and saw 8 of its levels.

You collected 328 gold pieces.
You spent 65 gold pieces at shops.

Inventory:

Hand Weapons
 a - a +1 hand axe (weapon)
 q - a +0 hunting sling
Missiles
 j - 272 stones (quivered)
Armour
 f - a +2 chain mail of fire resistance (worn)
 k - a +1 hat of intelligence (worn)
 o - a +0 pair of gloves (worn)
 t - a scarf of spirit shield (worn)
Jewellery
 A - an uncursed amulet of the gourmand
 L - a ring of ice (left hand)
Wands
 F - a wand of iceblast (6/15)
 G - a wand of digging (8/24)
 K - a wand of random effects (24/48)
Scrolls
 b - a scroll of enchant armour
 e - 6 scrolls of remove curse
 h - 2 scrolls of recharging {unknown}
 i - a scroll of noise {unknown}
 l - 8 scrolls of identify
 m - 4 scrolls of teleportation {unknown}
 n - a scroll of enchant weapon
 x - 2 scrolls of blinking {unknown}
 y - a scroll of magic mapping {unknown}
 D - a scroll of amnesia {unknown}
Potions
 p - 2 potions of curing
 r - 2 potions of might {unknown}
 s - 2 potions of brilliance {unknown}
 u - a potion of resistance {unknown}
 v - a potion of lignification {unknown}
 w - a potion of agility
 z - a potion of degeneration {unknown}
 B - a potion of magic {unknown}
 C - 2 potions of berserk rage {unknown}
Comestibles
 c - 7 bread rations
 d - 2 meat rations
 g - a royal jelly


   Skills:
 + Level 7.1 Fighting
 + Level 9.8 Axes
 + Level 4.6(5.0) Slings
 + Level 2.9(4.1) Throwing
 + Level 6.4 Armour
 + Level 2.6 Dodging
 + Level 0.8 Stealth


You had 8 spell levels left.
You didn't know any spells.

Dungeon Overview and Level Annotations

Branches:
Dungeon (7/15)             Temple (1/1) D:6

Altars:
Ashenzari
Dithmenos
Elyvilon
Fedhas
Gozag
Hepliaklqana
Kikubaaqudgha
Makhleb
Nemelex Xobeh
Qazlal
Ru
Trog
Uskayaw
Vehumet
Xom
Yredelemnul
Zin
The Shining One

Shops:
D:5 }[[%


Message History

You feel resistant to hostile enchantments.
You are near starving!
The troll barely misses you. The troll claws you.
* * * LOW HITPOINT WARNING * * *
The troll claws you!
* * * LOW HITPOINT WARNING * * *
You slash the troll!
The troll is moderately wounded.
The troll closely misses you.
The troll claws you but does no damage. x2
The troll bites you but does no damage. The troll completely misses you.
The troll claws you but does no damage. The troll barely misses you.
The troll claws you!
* * * LOW HITPOINT WARNING * * *
The troll claws you but does no damage.
Okay, then.
As you read the scroll labeled ZITU RAECKIASA, it crumbles to dust.
It is a scroll of enchant armour.
Your +1 chain mail of fire resistance glows green for a moment.
The troll bites you!
You die...

########## #.........
#.#######. #.# #####.
############### #[# #.....
#.............# #.###.##..
#.............#####.#....#..
#..........@T.>.........<...
#..............##.#.###.....
#..............##.#......#.#
#..............##.#####..#..
#########.####.##.# #..#.#
#.# #.##.# #..#.# #.#
#.##.#####..#(#
#.####.#.(.......#.#
######......#......#.....


You could see a troll.

Vanquished Creatures
  Pikel (D:4)
  The ghost of mopl the Covered, an amateur FoWn (D:3)
  Menkaure (D:4)
  Duvessa (D:7)
  A sky beast (D:7)
  A black bear (D:6)
  An ice beast (D:6)
  2 slaves (D:4)
  An ogre (D:6)
  A phantom (D:6)
  2 centaurs
  2 bullfrogs (D:6)
  Dowan (D:7)
  2 scorpions
  A crimson imp (D:6)
  A centaur zombie (D:5)
  4 hounds
  A bullfrog skeleton (D:4)
  3 orc priests
  3 orc wizards
  A worker ant (D:6)
  A worker ant zombie (D:5)
  9 gnolls
  9 adders
  An ooze (D:1)
  4 worms
  A dart slug (D:2)
  2 leopard geckos
  20 orcs
  A ball python (D:3)
  7 giant cockroaches
  8 goblins
  4 hobgoblins
  3 quokkas
  10 bats
  3 frilled lizards
  5 kobolds
  A leopard gecko skeleton (D:5)
  A quokka skeleton (D:4)
  13 rats
135 creatures vanquished.

Vanquished Creatures (others)
  A worker ant (D:4)
1 creature vanquished.

Grand Total: 136 creatures vanquished

Notes
Turn   | Place    | Note
-------+----------+-------------------------------------------
     0 | D:1      | tentaclius the Hill Orc Berserker began the quest for the Orb.
     0 | D:1      | Reached XP level 1. HP: 19/19 MP: 1/1
   151 | D:1      | Reached XP level 2. HP: 27/27 MP: 2/2
   758 | D:1      | Reached XP level 3. HP: 33/33 MP: 3/3
  1160 | D:2      | Reached ** piety under Trog
  1160 | D:2      | Reached skill level 5 in Axes
  1160 | D:2      | Reached XP level 4. HP: 41/41 MP: 4/4
  1401 | D:3      | Noticed mopl's ghost (amateur FoWn)
  1543 | D:3      | Killed mopl's ghost
  1543 | D:3      | Reached skill level 6 in Axes
  1543 | D:3      | Reached skill level 1 in Throwing
  1543 | D:3      | Reached XP level 5. HP: 34/47 MP: 5/5
  1651 | D:3      | Reached XP level 6. HP: 20/55 MP: 6/6
  1921 | D:3      | Reached skill level 5 in Fighting
  2127 | D:3      | Reached *** piety under Trog
  2127 | D:3      | Reached skill level 1 in Slings
  2665 | D:4      | Reached XP level 7. HP: 59/61 MP: 7/7
  2717 | D:4      | Reached skill level 7 in Axes
  2761 | D:5      | Entered Level 5 of the Dungeon
  2896 | D:4      | Noticed Pikel
  2910 | D:4      | Killed Pikel
  2910 | D:4      | Reached skill level 8 in Axes
  2910 | D:4      | Reached XP level 8. HP: 70/70 MP: 4/8
  2951 | D:4      | Noticed Menkaure
  2960 | D:4      | Killed Menkaure
  3578 | D:5      | Found Zighu's Gadget Emporium.
  3713 | D:5      | Reached skill level 5 in Armour
  3749 | D:5      | Found Haluam's Antique Armour Boutique.
  3994 | D:5      | Found Suivvahu's Armour Emporium.
  4064 | D:5      | Found Orawut's Food Shop.
  4110 | D:5      | Bought a meat ration for 65 gold pieces
  4288 | D:6      | Reached skill level 9 in Axes
  4449 | D:6      | Found a staircase to the Ecumenical Temple.
  4505 | Temple   | Entered the Ecumenical Temple
  4637 | D:6      | Reached XP level 9. HP: 52/78 MP: 6/9
  5250 | D:7      | Noticed Duvessa
  5251 | D:7      | Noticed Dowan
  5576 | D:7      | Killed Duvessa
  5632 | D:7      | Reached **** piety under Trog
  5795 | D:7      | Killed Dowan
  5812 | D:6      | Noticed a troll
  5824 | D:6      | HP: 2/79 [troll (7)]
  5829 | D:6      | Slain by a troll

Skill      XL: |  1  2  3  4  5  6  7  8  9 |
---------------+----------------------------+-----
Fighting       | 4 5 6 7 |  7.1
Axes           | 5 6 8 9 |  9.8
Throwing       | 1 2 |  2.9
Dodging        | 2 |  2.6
Armour         | 3 4 5 6 |  6.4
Slings         | 1 2 3 4 |  4.6
Stealth        | |  0.8

Action                   |  1- 3 |  4- 6 |  7- 9 || total
-------------------------+-------+-------+-------++-------
Melee: Hand axe          |   106 |   136 |   253 ||   495
 Fire: Hunting sling     |       |    26 |    49 ||    75
Throw: Stone             |    35 |    44 |    27 ||   106
Invok: Berserk           |       |     4 |    11 ||    15
       Trog's Hand       |       |     1 |     2 ||     3
       Burn Spellbooks   |       |       |     2 ||     2
  Use: Scroll            |       |     2 |     2 ||     4
       Potion            |       |       |     3 ||     3
  Eat: Chunk             |     1 |     9 |    22 ||    32
Armor: Animal skin       |     9 |       |       ||     9
       Ring mail         |    37 |       |       ||    37
       Chain mail        |     8 |    87 |   193 ||   288
Dodge: Dodged            |    63 |    63 |   129 ||   255
